 Dungeon Crawl Stone Soup version 0.23-a0-673-g3803c42f16 (webtiles) character file.

145 Brecoman the Stinger (level 5, 0/41 HPs)
             Began as a Draconian Venom Mage on Jan 9, 2019.
             Succumbed to an adder's poison
             ... on level 1 of the Dungeon.
             The game lasted 00:07:08 (1613 turns).

Brecoman the Stinger (Draconian Venom Mage)         Turns: 1613, Time: 00:07:08

Health: 0/41       AC:  5    Str: 10    XL:     5   Next: 6%
Magic:  0/8        EV: 12    Int: 16    God:
Gold:   31         SH:  0    Dex: 12    Spells: 6/9 levels left

rFire    . . .     SeeInvis .   c - +0 short sword
rCold    . . .     Gourm    .   (no shield)
rNeg     . . .     Faith    .   (armour unavailable)
rPois    .         Spirit   .   (helmet restricted)
rElec    .         Reflect  .   (no cloak)
rCorr    .         Harm     .   (no gloves)
MR       .....                  (no boots)
Stlth    ++........             (no amulet)
HPRegen  0.13/turn              (no ring)
MPRegen  0.11/turn              (no ring)

@: lethally poisoned (0 -> -1)
A: unfitting armour, cold-blooded, AC +5
a: no special abilities


You were on level 1 of the Dungeon.
You were not hungry.

You visited 1 branch of the dungeon, and saw 2 of its levels.

You collected 31 gold pieces.

Inventory:

Hand Weapons
 c - a +0 short sword (weapon)
 d - a +0 mace
Missiles
 h - 25 stones (quivered)
Armour
 a - a +0 pair of gloves
Scrolls
 f - a scroll of enchant armour {unknown}
 g - a scroll of immolation {unknown}
 j - 2 scrolls of remove curse {unknown}
 l - a scroll of enchant weapon {unknown}
 n - 2 scrolls of identify {unknown}
 o - a scroll of magic mapping {unknown}
Potions
 e - a potion of cancellation {unknown}
 k - a potion of magic {unknown}
 m - a potion of agility {unknown}
 p - a potion of haste {unknown}
 q - a potion of degeneration {unknown}
Comestibles
 b - 5 rations
 i - a chunk of flesh


   Skills:
 + Level 1.7 Fighting
 - Level 1.7 Dodging
 - Level 1.7 Stealth
 + Level 2.6 Spellcasting
 * Level 3.0 Conjurations
 * Level 4.1 Poison Magic


You had 6 spell levels left.
You knew the following spells:

 Your Spells              Type           Power        Failure   Level  Hunger
a - Sting                 Conj/Pois      ##..         4%          1    #......
b - Poisonous Vapours     Pois/Air       #.....       13%         2    ##.....

Your spell library contained the following spells:

 Spells                   Type           Power        Failure   Level  Hunger
 Mephitic Cloud           Conj/Pois/Air  #.......     22%         3    ###....
 Olgreb's Toxic Radiance  Pois           ###.....     34%         4    #####..
 Venom Bolt               Conj/Pois      ##........   77%         5    ######.


Dungeon Overview and Level Annotations

Branches:
Dungeon (2/15)

Altars:
Fedhas


Innate Abilities, Weirdness & Mutations

Your plain brown scales are hard. (AC +5)
You cannot fit into any form of body armour.
You are cold-blooded and may be slowed by cold attacks.


Message History

Wield which item (- for none, * to show all)? (? for menu, Esc to quit)
Okay, then.
Casting: Poisonous Vapours (safe; 13% risk of failure)
Confirm with . or Enter, or press ? or * to list all spells.
Aiming: Poisonous Vapours (safe; 13% risk of failure)
Press: ? - help, Dir - move target cursor, f - adder
Aim: an adder Poisonous vapours surround the adder!
The goblin hits you but does no damage.
The adder is engulfed in poison gas.
The adder is poisoned.
The adder closely misses you.
You feel sick. The adder bites you.
* * * LOW HITPOINT WARNING * * *
You see here a +0 club.
Okay, then.
You hit the goblin.
The goblin is heavily wounded.
The goblin barely misses you. The goblin hits you.
* * * LOW HITPOINT WARNING * * *
You die...

########## ####### #########
#........# #.....####........
#####........# #.....#...........
....#........# #.....#...........
##...........# #.....#...........
#............# #.......).........
.............###.................
.......>.....Sg.@...........#....
..............###..#........#....
#............####................
.......###.........#......####...
............####.#.#..##### #....
.......###..## #.#....# ########
.......# ##..###.....## #.......
>....#.#####........## #.<.###.
#.##.#.....##.......# #...# #.


You could see an adder and a goblin.

Vanquished Creatures
  Jessica (D:2)
  Natasha (thrice) (D:2)
  2 adders
  A leopard gecko (D:1)
  4 bats
  3 giant cockroaches
  4 goblins
  A hobgoblin (D:1)
  A quokka (D:2)
  2 frilled lizards
  3 kobolds
  2 rats (D:1)
27 creatures vanquished.

Notes
Turn   | Place    | Note
-------+----------+-------------------------------------------
     0 | D:1      | Brecoman the Draconian Venom Mage began the quest for the
                  | Orb.
     0 | D:1      | Reached XP level 1. HP: 14/14 MP: 3/3
   586 | D:1      | Reached XP level 2. HP: 7/22 MP: 1/5
  1284 | D:2      | Reached XP level 3. HP: 27/27 MP: 6/6
  1309 | D:2      | Found a blossoming altar of Fedhas.
  1325 | D:2      | Reached skill level 1 in Fighting
  1359 | D:2      | Noticed Jessica
  1363 | D:2      | Learned a level 2 spell: Poisonous Vapours
  1364 | D:2      | Killed Jessica
  1371 | D:2      | Reached XP level 4. HP: 35/35 MP: 2/7
  1467 | D:2      | Noticed Natasha
  1475 | D:2      | Killed Natasha
  1502 | D:2      | Noticed Natasha
  1509 | D:2      | Killed Natasha
  1509 | D:2      | Reached skill level 4 in Poison Magic
  1543 | D:2      | Noticed Natasha
  1589 | D:2      | Killed Natasha
  1589 | D:2      | Reached XP level 5. HP: 8/41 MP: 0/8
  1612 | D:1      | HP: 1/41 [goblin (2)]
  1613 | D:1      | Succumbed to an adder's poison

Vault maps used:
D:1:      psy_arrival_conway, hangedman_decor_clover_reticule
D:2:      lemuel_doored_altar, first_ration, uniq_natasha, uniq_jessica

Skill      XL: |  1  2  3  4 |
---------------+-------------+-----
Conjurations   | 2 3 |  3.0
Fighting       | 1 |  1.7
Poison Magic   | 4 |  4.1
Dodging        | |  1.7
Stealth        | |  1.7
Spellcasting   | |  2.6

Action                   |  1- 3 |  4- 6 || total
-------------------------+-------+-------++-------
Melee: Short sword       |    30 |     5 ||    35
       Unarmed           |    10 |       ||    10
       Tailslap          |     4 |       ||     4
 Cast: Sting             |    33 |     4 ||    37
       Poisonous Vapours |     1 |     9 ||    10
 Stab: Sleeping          |     2 |       ||     2
  Eat: Chunk             |     2 |     1 ||     3
Armor: Skin              |    18 |     5 ||    23
Dodge: Dodged            |    39 |    17 ||    56

Table legend:
 A = Non-vault XP
 B = Vault XP
 C = Vault XP percentage of total XP
 D = Non-vault monster count
 E = Vault monster count
 F = Vault count percentage of total count
                 A         B        C        D         E       F
            +---------+---------+-------+---------+---------+-------
      Total |     136 |      72 |  34.6 |      25 |       2 |   7.4
            +---------+---------+-------+---------+---------+-------
        D:1 |      38 |       0 |   0.0 |      15 |       0 |   0.0
        D:2 |      98 |      72 |  42.4 |      10 |       2 |  16.7
            +---------+---------+-------+---------+---------+-------
